General information
- name: BNet
- type: Ladder team game (AT/RT)
- host: Battle.net
- saver: DanielCormier
map: Battleground_LV
- players: 8
- length: 10:22
- speed: Fast
- version: 1.30 W3XP
- replay type: Public
» download(148 KB)
Players
team 1 (loser)

»
Ceron (
pink | 31 APM | 325 actions | 10:20)
2 Priestess of the Moon
1 Trueshot Aura
1 Searing Arrows
» actions
| Assign group hotkey | 13 | |
| Basic commands | 17 | |
| Build / train | 40 | |
| ESC pressed | 2 | |
| Enter build submenu | 9 | |
| Enter hero's abilities submenu | 2 | |
| Right click | 76 | |
| Select / deselect | 119 | |
| Select group hotkey | 28 | |
| Use ability | 19 | |
325 total
» units
» upgrades
| Strength of the Moon | 2 | |
| Moon Armor | 1 | |
| Ultravision | 1 | |
| Upgrade Moon Glaive | 1 | |
| Improved Bows | 1 | |
6 total
» buildings
| Altar of Elders | 1 | |
| Moon Well | 4 | |
| Hunter's Hall | 1 | |
| Ancient of War | 3 | |
| Tree of Ages | 2 | |
11 total
» build order
00:05 Altar of Elders
00:20 Moon Well
01:56 Hunter's Hall
01:58 Ancient of War
01:58 Ancient of War
02:05 Ancient of War
02:07 Moon Well
02:28 Moon Well
04:45 Tree of Ages
04:45 Tree of Ages
05:40 Moon Well
» items
LaG.EdGE (
purple | 221 APM | 2296 actions | 10:22)
3 Death Knight
2 Death Coil
1 Unholy Aura
1 Lich
1 Frost Nova
» actions
| Assign group hotkey | 58 | |
| Basic commands | 16 | |
| Build / train | 45 | |
| ESC pressed | 4 | |
| Enter build submenu | 20 | |
| Enter hero's abilities submenu | 4 | |
| Give item / drop item | 2 | |
| Right click | 1114 | |
| Select / deselect | 174 | |
| Select group hotkey | 784 | |
| Use ability | 75 | |
2296 total
» units
| Acolyte | 11 | |
| Ghoul | 3 | |
| Crypt Fiend | 11 | |
| Obsidian Statue | 1 | |
26 total
» upgrades
» buildings
| Graveyard | 1 | |
| Crypt | 1 | |
| Altar of Darkness | 1 | |
| Ziggurat | 9 | |
| Tomb of Relics | 1 | |
| Nerubian Tower | 2 | |
| Halls of the Dead | 3 | |
| Spirit Tower | 1 | |
| Slaughterhouse | 1 | |
| Black Citadel | 1 | |
21 total
» build order
00:07 Graveyard
00:11 Crypt
00:31 Altar of Darkness
00:46 Ziggurat
01:21 Tomb of Relics
01:49 Ziggurat
03:27 Ziggurat
04:22 Nerubian Tower
05:01 Ziggurat
05:16 Halls of the Dead
05:16 Halls of the Dead
05:16 Halls of the Dead
05:51 Ziggurat
06:05 Ziggurat
06:08 Nerubian Tower
06:32 Spirit Tower
07:50 Slaughterhouse
07:55 Ziggurat
08:20 Black Citadel
08:56 Ziggurat
09:35 Ziggurat
» items
| Rod of Necromancy | 3 | |
| Sacrificial Skull | 1 | |
4 total
LilTommyPicklez (
blue | 40 APM | 383 actions | 09:37)
2 Mountain King
1 Storm Bolt
1 Thunder Clap
» actions
| Build / train | 33 | |
| Enter build submenu | 21 | |
| Enter hero's abilities submenu | 2 | |
| Right click | 151 | |
| Select / deselect | 135 | |
| Use ability | 41 | |
383 total
» units
| Peasant | 10 | |
| Footman | 5 | |
| Rifleman | 6 | |
21 total
» upgrades
| Plating | 1 | |
| Lumber Harvesting | 1 | |
2 total
» buildings
| Altar of Kings | 1 | |
| Barracks | 1 | |
| Farm | 5 | |
| Blacksmith | 1 | |
| Arcane Vault | 1 | |
| Keep | 1 | |
| Lumber Mill | 1 | |
| Scout Tower | 5 | |
| Town Hall | 1 | |
| Guard Tower | 4 | |
| Castle | 1 | |
| Workshop | 4 | |
26 total
» build order
00:22 Altar of Kings
00:38 Barracks
00:52 Farm
01:05 Farm
01:56 Blacksmith
02:07 Farm
02:46 Farm
02:57 Arcane Vault
03:32 Farm
04:12 Keep
04:28 Lumber Mill
04:42 Scout Tower
04:45 Scout Tower
05:09 Town Hall
05:14 Scout Tower
05:34 Guard Tower
05:39 Guard Tower
05:41 Scout Tower
06:09 Guard Tower
06:16 Scout Tower
06:53 Guard Tower
07:31 Castle
08:26 Workshop
08:30 Workshop
08:46 Workshop
08:50 Workshop
» items

»
I_love_n00b (
yellow | 96 APM | 988 actions | 10:16)
3 Keeper of the Grove
1 Entangling Roots
1 Thorns Aura
1 Force of Nature
» actions
| Assign group hotkey | 11 | |
| Basic commands | 53 | |
| Build / train | 31 | |
| Enter build submenu | 12 | |
| Enter hero's abilities submenu | 5 | |
| Remove unit from queue | 1 | |
| Right click | 285 | |
| Select / deselect | 180 | |
| Select group hotkey | 380 | |
| Use ability | 30 | |
988 total
» units
| Wisp | 11 | |
| Huntress | 9 | |
| Mountain Giant | 1 | |
21 total
» upgrades
| Strength of the Moon | 1 | |
| Upgrade Moon Glaive | 1 | |
2 total
» buildings
| Altar of Elders | 1 | |
| Moon Well | 4 | |
| Hunter's Hall | 1 | |
| Ancient of War | 1 | |
| Tree of Ages | 1 | |
| Ancient of Wonders | 1 | |
| Ancient Protector | 1 | |
| Ancient of Lore | 2 | |
| Tree of Eternity | 1 | |
13 total
» build order
00:09 Altar of Elders
00:28 Moon Well
01:26 Hunter's Hall
01:40 Ancient of War
02:11 Moon Well
03:22 Tree of Ages
04:26 Moon Well
04:42 Ancient of Wonders
05:22 Ancient Protector
06:06 Ancient of Lore
08:22 Tree of Eternity
08:27 Moon Well
10:05 Ancient of Lore
» items
team 2 (winner)
RainDance (
green | 163 APM | 1686 actions | 10:22)
5 Mountain King
3 Storm Bolt
2 Thunder Clap
1 Paladin
1 Holy Light
» actions
| Assign group hotkey | 30 | |
| Basic commands | 56 | |
| Build / train | 51 | |
| Enter build submenu | 23 | |
| Enter hero's abilities submenu | 6 | |
| Give item / drop item | 1 | |
| Right click | 556 | |
| Select / deselect | 169 | |
| Select group hotkey | 752 | |
| Use ability | 42 | |
1686 total
» units
| Peasant | 15 | |
| Footman | 4 | |
| Rifleman | 6 | |
| Forest Troll Shadow Priest | 2 | |
| Forest Troll Berserker | 1 | |
| Ogre Mauler | 1 | |
29 total
» upgrades
| Gunpowder | 1 | |
| Armor | 1 | |
| Lumber Harvesting | 1 | |
3 total
» buildings
| Altar of Kings | 1 | |
| Barracks | 1 | |
| Farm | 8 | |
| Scout Tower | 6 | |
| Arcane Tower | 2 | |
| Blacksmith | 1 | |
| Lumber Mill | 1 | |
| Town Hall | 1 | |
| Arcane Vault | 2 | |
| Guard Tower | 4 | |
| Keep | 1 | |
| Castle | 1 | |
| Gryphon Aviary | 1 | |
30 total
» build order
00:08 Altar of Kings
00:20 Barracks
00:34 Farm
00:49 Farm
01:31 Farm
02:00 Scout Tower
02:38 Arcane Tower
02:41 Blacksmith
03:02 Farm
03:09 Lumber Mill
04:28 Town Hall
04:31 Scout Tower
04:33 Scout Tower
04:40 Arcane Vault
04:42 Arcane Vault
05:25 Guard Tower
05:27 Arcane Tower
05:28 Scout Tower
05:57 Scout Tower
06:14 Keep
06:24 Guard Tower
06:43 Guard Tower
06:50 Scout Tower
07:15 Farm
07:56 Farm
08:07 Guard Tower
08:11 Farm
08:12 Farm
09:07 Castle
09:30 Gryphon Aviary
» items
| Lesser Clarity Potion | 1 | |
| Scroll of Regeneration | 1 | |
| Potion of Healing | 1 | |
3 total
DanielCormier (
teal | 157 APM | 1635 actions | 10:22)
4 Tauren Chieftain
2 War Stomp
2 Endurance Aura
1 Shadow Hunter
1 Hex
» actions
| Assign group hotkey | 12 | |
| Basic commands | 116 | |
| Build / train | 43 | |
| Enter build submenu | 11 | |
| Enter hero's abilities submenu | 5 | |
| Give item / drop item | 2 | |
| Right click | 750 | |
| Select / deselect | 274 | |
| Select group hotkey | 381 | |
| Use ability | 41 | |
1635 total
» units
| Peon | 12 | |
| Troll Headhunter/Berserker | 14 | |
26 total
» upgrades
| Troll Regeneration | 1 | |
| Reinforced Defenses | 1 | |
2 total
» buildings
| Altar of Storms | 1 | |
| Orc Burrow | 5 | |
| War Mill | 1 | |
| Barracks | 1 | |
| Voodoo Lounge | 1 | |
| Stronghold | 1 | |
| Great Hall | 1 | |
| Fortress | 2 | |
13 total
» build order
00:02 Altar of Storms
00:07 Orc Burrow
00:27 War Mill
01:05 Barracks
02:02 Orc Burrow
02:03 Orc Burrow
02:26 Voodoo Lounge
04:38 Stronghold
05:07 Orc Burrow
05:29 Great Hall
06:29 Orc Burrow
07:53 Fortress
07:53 Fortress
» items
| Healing Salve | 3 | |
| Lesser Clarity Potion | 2 | |
5 total
wc3reforgenohak (
orange | 96 APM | 1001 actions | 10:22)
4 Pandaren Brewmaster
2 Breath of Fire
1 Drunken Haze
1 Drunken Brawler
» actions
| Assign group hotkey | 8 | |
| Basic commands | 113 | |
| Build / train | 53 | |
| ESC pressed | 1 | |
| Enter build submenu | 13 | |
| Enter hero's abilities submenu | 5 | |
| Give item / drop item | 1 | |
| Right click | 361 | |
| Select / deselect | 323 | |
| Select group hotkey | 100 | |
| Use ability | 23 | |
1001 total
» units
» upgrades
| Strength of the Moon | 2 | |
| Moon Armor | 1 | |
| Improved Bows | 1 | |
| Marksmanship | 1 | |
5 total
» buildings
| Moon Well | 3 | |
| Ancient of War | 3 | |
| Altar of Elders | 1 | |
| Ancient of Wonders | 1 | |
| Tree of Ages | 2 | |
| Tree of Life | 1 | |
| Hunter's Hall | 2 | |
| Tree of Eternity | 2 | |
| Ancient of Lore | 1 | |
16 total
» build order
00:27 Moon Well
00:40 Ancient of War
00:42 Altar of Elders
01:18 Ancient of War
01:45 Moon Well
02:25 Moon Well
04:02 Ancient of Wonders
05:06 Tree of Ages
05:06 Tree of Ages
05:37 Tree of Life
06:16 Hunter's Hall
06:18 Hunter's Hall
07:36 Tree of Eternity
07:36 Tree of Eternity
08:08 Ancient of Lore
08:38 Ancient of War
» items
Wackstrats (
red | 104 APM | 1079 actions | 10:22)
4 Tauren Chieftain
2 War Stomp
2 Endurance Aura
» actions
| Assign group hotkey | 18 | |
| Basic commands | 19 | |
| Build / train | 51 | |
| Enter build submenu | 10 | |
| Enter hero's abilities submenu | 4 | |
| Give item / drop item | 1 | |
| Remove unit from queue | 2 | |
| Right click | 610 | |
| Select / deselect | 155 | |
| Select group hotkey | 158 | |
| Use ability | 51 | |
1079 total
» units
| Peon | 7 | |
| Troll Headhunter/Berserker | 13 | |
20 total
» upgrades
| Ranged Weapons | 2 | |
| Armor | 2 | |
| Troll Regeneration | 1 | |
5 total
» buildings
| Altar of Storms | 1 | |
| Orc Burrow | 4 | |
| War Mill | 1 | |
| Barracks | 2 | |
| Voodoo Lounge | 1 | |
| Stronghold | 1 | |
| Great Hall | 1 | |
| Fortress | 2 | |
13 total
» build order
00:04 Altar of Storms
00:12 Orc Burrow
01:08 War Mill
01:21 Barracks
01:46 Barracks
01:57 Orc Burrow
02:11 Voodoo Lounge
03:54 Orc Burrow
05:01 Stronghold
06:34 Great Hall
08:23 Fortress
08:23 Fortress
08:53 Orc Burrow
» items
| Healing Salve | 5 | |
| Lesser Clarity Potion | 6 | |
| Scroll of Speed | 1 | |
12 total
Chat log
(00:08 / All) Wackstrats: gl hf boys!!
(00:16 / All) LaG.EdGE: gl hf mate
(00:22 / All) RainDance: gg gl all
(00:31 / All) Ceron: gl
(00:34 / All) Wackstrats: ceron where you been latly?
(00:41 / All) LilTommyPicklez: porn
(00:43 / All) Ceron: just been ladderin
(00:47 / All) Ceron: i streamed a bit yesterday
(01:25 / Allies) DanielCormier: dc mad
(01:35 / Allies) Wackstrats: you going tc hh too?
(02:18 / Allies) DanielCormier: i have a pretty base
(03:42 / Allies) DanielCormier: man such a pretty base
(04:14 / All) wc3reforgenohak: lol
(04:27 / Allies) DanielCormier: u can solo it
(04:47 / Allies) RainDance: come
(04:49 / Allies) RainDance: coming
(05:03 / Allies) wc3reforgenohak: hgeal foot
(05:05 / Allies) RainDance: did
(05:19 / Allies) RainDance: take
(06:09 / Allies) DanielCormier: he FUK
(07:47 / Allies) DanielCormier: SURROUND I
(07:47 / Allies) wc3reforgenohak: i think we jsut won lol
(08:00 / Allies) DanielCormier: HIS DK HAD NO TP
(08:01 / Allies) DanielCormier: EZ SURROUND
(08:23 / Allies) DanielCormier: A NE
(08:25 / Allies) DanielCormier: MAYBE
(09:00 / Allies) RainDance: wood?
(09:31 / Allies) Wackstrats: sandwich
(10:19 / All) Ceron: gg
(10:21 / All) LaG.EdGE: Gg